AoeStats
← Franklin

Coastal Forest

510701381Analyzed
3v3 RM · 19h ago on Oct 2, 2026· 94m 38s· 6 players
Game mode
Random Map
Map size
Normal (6 player)
Population
200
Speed
Normal
Resources
Standard
Victory
Conquest
Starting age
Dark Age
Ending age
Imperial Age
RankedLock teamsTeams togetherTeam positionsShared explorationLock speedFull tech treeHidden civsTurbo modeCheats
Victory
Defeat
🇦🇷 Goths · Argentina
936
+16
🇦🇷 Inca · Argentina
935
+16
🇦🇷 Mongols · Argentina
910
+17
🇨🇳 Huns · China
945
-18
🇨🇭 Britons · Switzerland
934
-16
🇷🇺 Spanish · Russia
899
-15
Razel
11:06 Feudal Age
17:31 Castle Age
23:59 Gold Mining
27:35 Double-Bit Axe
30:30 Horse Collar
31:54 Stone Mining
35:23 Imperial Age
34:02 Bow Saw
36:17 Wheelbarrow
35:58 Squires
35:18 Pikeman
43:18 Two-Man Saw
48:10 Conscription
48:12 Yeomen
50:50 Padded Archer Armor
50:40 Fletching
51:46 Leather Archer Armor
52:38 Hand Cart
52:09 Town Watch
52:49 Hand Cart
52:20 Town Watch
53:50 Gold Shaft Mining
52:39 Elite Longbowman
53:57 Bodkin Arrow
55:08 Bracer
55:39 Ring Archer Armor
64:10 Ballistics
70:21 Forging
70:12 Scale Mail Armor
85:31 Capped Ram
Etheling
9:19 Loom
12:55 Feudal Age
13:29 Horse Collar
13:38 Double-Bit Axe
13:47 Gold Mining
26:45 Wheelbarrow
26:31 Fishing Lines
30:19 Castle Age
28:41 Stone Mining
29:00 Scale Barding Armor
29:49 Bloodlines
29:57 Forging
31:04 Heavy Plow
32:00 Husbandry
32:51 Hand Cart
32:46 Gillnets
33:28 Chain Barding Armor
36:31 Iron Casting
35:45 Arson
38:14 Masonry
38:15 Fortified Wall
38:02 Murder Holes
38:28 Ballistics
45:19 Imperial Age
43:17 Guard Tower
46:59 Stone Shaft Mining
46:40 Cavalier
47:39 Caravan
48:36 Plate Barding Armor
50:00 Blast Furnace
50:18 Coinage
50:00 Guilds
51:00 Conscription
51:26 Architecture
51:58 Paladin
53:02 Supremacy
53:19 Hoardings
53:45 Elite Conquistador
54:39 Bow Saw
57:48 Herbal Medicine
58:30 Theocracy
58:11 Block Printing
58:25 Illumination
58:14 Arrowslits
59:14 Inquisition
59:57 Devotion
59:59 Atonement
60:12 Fervor
60:53 Keep
60:29 Clinker Construction
61:58 Banking
64:48 Faith
69:06 Fletching
69:17 Padded Archer Armor
69:17 Scale Mail Armor
69:47 Town Watch
70:09 Squires
69:54 Gambesons
70:06 Bodkin Arrow
70:25 Careening
70:36 Carvel Hull
71:23 Capped Ram
73:41 Leather Archer Armor
73:27 Bracer
73:44 Chain Mail Armor
74:58 Elite Skirmisher
75:46 Thumb Ring
77:12 Siege Ram
80:42 Ring Archer Armor
83:37 Pikeman
92:39 Onager
zenghui
10:56 Feudal Age
9:35 Loom
12:29 Double-Bit Axe
15:54 Castle Age
16:06 Bloodlines
19:04 Scale Barding Armor
21:22 Wheelbarrow
21:20 Horse Collar
25:41 Heavy Plow
27:21 Hand Cart
35:47 Imperial Age
33:41 Forging
34:12 Chain Barding Armor
35:01 Iron Casting
34:43 Fletching
35:43 Murder Holes
36:01 Husbandry
35:59 Gold Mining
35:52 Cavalier
36:45 Bow Saw
37:19 Plate Barding Armor
37:48 Chemistry
37:52 Blast Furnace
37:47 Gold Shaft Mining
37:13 Paladin
40:00 Pikeman
40:42 Squires
40:45 Scale Mail Armor
40:41 Bodkin Arrow
42:34 Bracer
42:50 Chain Mail Armor
42:36 Padded Archer Armor
41:59 Elite Skirmisher
43:43 Two-Man Saw
43:36 Halberdier
47:57 Leather Archer Armor
49:33 Conscription
49:16 Marauders
60:12 Sappers
63:53 Town Watch
Blessed5887
9:42 Feudal Age
12:30 Loom
17:38 Gold Mining
20:47 Castle Age
25:02 Stone Mining
25:02 Double-Bit Axe
26:18 Horse Collar
29:26 Bow Saw
30:30 Nomads
31:21 Gold Shaft Mining
31:22 Stone Shaft Mining
32:49 Scale Barding Armor
32:56 Forging
34:21 Stone Shaft Mining
35:23 Padded Archer Armor
35:14 Fletching
38:53 Leather Archer Armor
40:33 Bodkin Arrow
42:49 Chain Barding Armor
43:04 Iron Casting
46:47 Imperial Age
44:23 Pikeman
45:04 Squires
45:10 Scale Mail Armor
48:55 Chain Mail Armor
54:53 Imperial Age
58:47 Arson
60:32 Elite Mangudai
63:12 Ballistics
66:16 Drill
84:04 Caravan
84:18 Bracer
Franklin
4:51 Loom
11:34 Feudal Age
12:57 Double-Bit Axe
17:47 Arson
23:01 Castle Age
21:39 Horse Collar
22:56 Forging
25:16 Thumb Ring
27:13 Andean Sling
30:09 Bow Saw
30:04 Heavy Plow
29:55 Gold Mining
31:08 Fletching
31:19 Padded Archer Armor
31:55 Iron Casting
31:20 Scale Mail Armor
35:15 Wheelbarrow
37:48 Ballistics
37:41 Bodkin Arrow
38:51 Hand Cart
40:42 Leather Archer Armor
45:50 Imperial Age
43:59 Chain Mail Armor
48:43 Chemistry
48:17 Crop Rotation
52:12 Conscription
54:54 Blast Furnace
54:26 Plate Mail Armor
55:32 Elite Kamayuk
58:57 Fabric Shields
59:21 Elite Skirmisher
61:06 Bracer
61:36 Ring Archer Armor
Mek666nix
4:52 Loom
11:15 Feudal Age
11:35 Man-at-Arms
12:16 Double-Bit Axe
12:37 Gold Mining
12:29 Horse Collar
26:37 Castle Age
26:05 Scale Mail Armor
26:15 Forging
26:05 Padded Archer Armor
25:55 Fletching
28:41 Squires
28:05 Elite Skirmisher
28:10 Long Swordsman
32:24 Chain Mail Armor
32:44 Iron Casting
32:05 Bodkin Arrow
36:59 Pikeman
38:45 Bow Saw
38:38 Heavy Plow
45:48 Imperial Age
45:51 Anarchy
46:32 Elite Huskarl
47:17 Perfusion
47:38 Conscription
48:51 Wheelbarrow
48:02 Town Watch
47:55 Halberdier
49:19 Crop Rotation
49:54 Two-Man Saw
50:01 Iron Casting
51:28 Hand Cart
51:15 Town Patrol
53:42 Stone Mining
59:47 Heavy Cavalry Archer
71:01 Caravan
71:11 Guilds
Connection lost

Rejoining the realm…

Still unreachable

The connection could not be restored.

Session expired

The server has moved on; the page needs a fresh start.